 Dungeon Crawl Stone Soup version 0.20.0-15-g7f486f2 (webtiles) character file.

403 theElss the Conjurer (level 6, -1/33 HPs)
             Began as a Deep Elf Conjurer on June 26, 2017.
             Slain by fredomojojo's ghost (20 damage)
             ... on level 4 of the Dungeon.
             The game lasted 00:17:14 (4188 turns).

theElss the Conjurer (Deep Elf Conjurer)            Turns: 4188, Time: 00:17:15

Health: -1/33      AC:  3    Str:  5    XL:     6   Next: 55%
Magic:  0/15       EV: 13    Int: 22    God:
Gold:   212        SH:  0    Dex: 15    Spells: 4/15 levels left

rFire    . . .     SeeInvis .   H - +2 dagger (elec)
rCold    . . .     Gourm    .   (no shield)
rNeg     . . .     Faith    .   a - +0 robe
rPois    .         Spirit   .   q - +0 helmet
rElec    .         Reflect  .   (no cloak)
rCorr    .         Harm     .   (no gloves)
MR       .....                  (no boots)
Stlth    ++........             (no amulet)
Regen    0.2/turn               (no ring)
MPRegen  0.2/turn               r - ring of wizardry

@: no status effects
A: no striking features
a: no special abilities


You were on level 4 of the Dungeon.
You were not hungry.

You visited 1 branch of the dungeon, and saw 4 of its levels.

You collected 212 gold pieces.

Inventory:

Hand Weapons
 H - a +2 dagger of electrocution (weapon)
Armour
 a - a +0 robe (worn)
 d - a +0 leather armour
 p - a +0 buckler
 q - a +0 helmet (worn)
Jewellery
 j - an uncursed ring of positive energy
 r - a ring of wizardry (right hand)
 t - an uncursed ring of protection from cold
 v - a -4 ring of intelligence
Wands
 f - a wand of acid (8/15)
 E - a wand of polymorph (8/24)
Scrolls
 g - a scroll of enchant armour
 h - 3 scrolls of enchant weapon
 y - a scroll of noise {unknown}
 B - a scroll of fog {unknown}
 C - a scroll of magic mapping {unknown}
 F - a scroll of recharging {unknown}
Potions
 i - a potion of brilliance {unknown}
 k - 2 potions of lignification {unknown}
 m - 2 potions of might {unknown}
 n - a potion of ambrosia {unknown}
 s - 4 potions of curing
 x - a potion of degeneration {unknown}
 z - a potion of cancellation {unknown}
Books
 b - a book of Conjurations

   Spells                             Type                      Level
   a - Magic Dart                     Conjuration                  1
   b - Searing Ray                    Conjuration                  2
   c - Dazzling Spray                 Conjuration/Hexes            3
   d - Fulminant Prism                Conjuration/Hexes            4
   e - Force Lance                    Conjuration/Translocation    4
   f - Iskenderun's Mystic Blast      Conjuration                  4
 w - a book of Callings

   Spells                             Type                      Level
   a - Summon Small Mammal            Summoning                    1
   b - Call Imp                       Summoning                    2
   c - Call Canine Familiar           Summoning                    3
   d - Summon Guardian Golem          Hexes/Summoning              3
   e - Summon Lightning Spire         Summoning/Air                4
   f - Summon Ice Beast               Ice/Summoning                4
Comestibles
 c - 5 bread rations
 A - a meat ration
 D - a royal jelly


   Skills:
 + Level 0.4 Fighting
 + Level 1.4 Armour
 + Level 3.1 Dodging
 + Level 3.0 Stealth
 * Level 1.8 Shields
 + Level 5.0 Spellcasting
 + Level 6.5 Conjurations


You had 4 spell levels left.
You knew the following spells:

 Your Spells              Type           Power        Failure   Level  Hunger
a - Magic Dart            Conj           ####         1%          1    None
b - Force Lance           Conj/Tloc      ###.....     11%         4    ####...
c - Searing Ray           Conj           ####..       1%          2    None
d - Iskenderun's Mystic   Conj           ####....     2%          4    ####...


Dungeon Overview and Level Annotations

Branches:
Dungeon (4/15)
 Temple: D:4-7

Altars:
Gozag
Makhleb

Annotations:
D:2 1 exclusion, Sigmund
D:4 1 runed door, Edmund; fredomojojo's ghost, amateur HOGl


Message History

Casting: Searing Ray
Confirm with . or Enter, or press ? or * to list all spells.
You don't have enough magic to cast that spell.
Unknown command.
Casting: Searing Ray
Confirm with . or Enter, or press ? or * to list all spells.
You don't have enough magic to cast that spell.
Unknown command.
Fredomojojo's ghost grins evilly.
Casting: Searing Ray
Confirm with . or Enter, or press ? or * to list all spells.
Aiming: Iskenderun's Mystic Blast
Press: ? - help, Shift-Dir - straight line, f/p - fredomojojo's ghost
Aim: fredomojojo's ghost (severely damaged)
The orb of energy hits fredomojojo's ghost.
Fredomojojo's ghost is almost destroyed.
The orb of energy explodes!
Fredomojojo's ghost hits you! Fredomojojo's ghost hits you!!
Ouch! That really hurt!
You die...

....W#....# #....)
....##..#########.#
...8###.#.......#.. #8##
##.#.#####.#..
########........#.##.
#....#.##.#...#.#.#..
#....#.##.#..<..#.#'#
#######....'.......####....
#.........@#'##.......'÷...
##..........W.......####....
##...................# #....
#....................# #....
#....###.............# #####
#....# #.............#
♣....♣ #.............#
♣♣...♣ #.............# ♣♣.♣♣
#.............#


You could see fredomojojo's ghost.

Vanquished Creatures
  An ogre (D:4)
  A phantom (D:4)
  An orc priest (D:3)
  A bullfrog skeleton (D:4)
  2 orc wizards (D:4)
  3 adders
  An adder skeleton (D:4)
  2 worms
  6 dart slugs
  2 leopard geckos
  6 orcs
  A ball python (D:2)
  6 giant cockroaches
  10 goblins
  5 hobgoblins
  5 jackals (D:4)
  6 kobolds
  A quokka (D:3)
  5 bats
  A frilled lizard (D:1)
  14 rats
80 creatures vanquished.

Vanquished Creatures (others)
  4 toadstools (D:1)
4 creatures vanquished.

Grand Total: 84 creatures vanquished

Notes
Turn   | Place    | Note
-------+----------+-------------------------------------------
     0 | D:1      | theElss the Deep Elf Conjurer began the quest for the Orb.
     0 | D:1      | Reached XP level 1. HP: 10/10 MP: 6/6
   164 | D:1      | Reached XP level 2. HP: 14/15 MP: 0/8
   540 | D:1      | Reached skill level 5 in Conjurations
   748 | D:1      | Reached XP level 3. HP: 19/19 MP: 4/9
   771 | D:1      | Learned a level 2 spell: Searing Ray
  1120 | D:2      | Found a faded altar of an unknown god.
  1428 | D:2      | Noticed Sigmund
  2365 | D:3      | Reached XP level 4. HP: 24/24 MP: 8/11
  2476 | D:3      | Found a burning altar of Makhleb.
  2792 | D:3      | Found an opulent altar of Gozag.
  3124 | D:4      | Reached skill level 1 in Shields
  3124 | D:4      | Reached XP level 5. HP: 26/28 MP: 2/13
  3294 | D:4      | Noticed an ogre
  3298 | D:4      | Killed an ogre
  3298 | D:4      | Reached skill level 1 in Armour
  3298 | D:4      | Reached skill level 6 in Conjurations
  3300 | D:4      | Noticed Edmund
  3427 | D:4      | Noticed fredomojojo's ghost (amateur HOGl)
  3497 | D:4      | Noticed a phantom
  3622 | D:3      | Learned a level 4 spell: Iskenderun's Mystic Blast
  3799 | D:4      | Reached XP level 6. HP: 19/32 MP: 11/15
  3970 | D:3      | Learned a level 4 spell: Force Lance
  4030 | D:4      | Reached skill level 5 in Spellcasting
  4134 | D:4      | Found a runed door.
  4188 | D:4      | Slain by fredomojojo's ghost

Skill      XL: |  1  2  3  4  5  6 |
---------------+-------------------+-----
Conjurations   | 5 6 |  6.5
Spellcasting   | 4 5 |  5.0
Shields        | 1 |  1.8
Armour         | 1 |  1.4
Dodging        | 3 |  3.1
Stealth        | 3 |  3.0
Fighting       | |  0.4

Action                   |  1- 3 |  4- 6 || total
-------------------------+-------+-------++-------
Melee: Unarmed           |     3 |     3 ||     6
       Dagger            |     6 |     2 ||     8
 Cast: Magic Dart        |    82 |    45 ||   127
       Searing Ray       |     2 |    13 ||    15
       Iskenderun's Myst |       |     8 ||     8
  Use: Scroll            |       |     5 ||     5
  Eat: Chunk             |     4 |     5 ||     9
       Fruit             |       |     2 ||     2
Armor: Leather armour    |     4 |     2 ||     6
       Robe              |       |     1 ||     1
Dodge: Dodged            |    12 |    16 ||    28
Block: Buckler           |     1 |     4 ||     5
